 Dungeon Sprint DCSS version 0.29-a0-512-gf59ac788ac (webtiles) character file.

Game seed: 9019403969949669853

44166 mhtbhm the Axe Maniac (level 13, -45/225 HPs)
             Began as a Minotaur Berserker on May 29, 2022.
             Was the Champion of Trog.
             Killed from afar by an orb of fire (76 damage)
             ... with a fireball
             ... in the Dungeon (Sprint VII: "The Pits").
             The game lasted 00:11:18 (5063 turns).

mhtbhm the Axe Maniac (Minotaur Berserker)          Turns: 5063, Time: 00:11:18

Health: -45/225    AC: 27    Str: 28    XL:     13   Next: 94%
Magic:  12/12      EV: 15    Int:  4    God:    Trog [******]
Gold:   45         SH:  5    Dex:  9    Spells: 12/12 levels left

rFire   . . .      SeeInvis .   a - +8 executioner's axe (flame)
rCold   . . .      Faith    .   (shield currently unavailable)
rNeg    . . .      Spirit   .   b - +0 storm dragon scales
rPois   .          Reflect  +   (helmet restricted)
rElec   +          Harm     .   G - +1 cloak
rCorr   .          Rampage  .   H - +3 pair of gauntlets of War {Slay+5}
Will    +....      Rage     1%  (no boots)
Stlth   .......... NoTele   +   y - amulet of reflection
HPRegen 0.47/turn               x - ring of willpower
MPRegen 0.13/turn               l - +3 ring of evasion

@: berserking, very quick
A: horns 2, retaliatory headbutt, berserk 1
a: Renounce Religion, Berserk, Trog's Hand, Brothers in Arms


You were in the Dungeon.
You worshipped Trog.
Trog was exalted by your worship.
You visited 1 branch You collected 45 gold pieces.

Inventory:

Hand Weapons
 a - a +8 executioner's axe of flaming (weapon)
 o - the +5 war axe of Youthful Indiscretion {vorpal, Fragile rPois Dex-3 SInv}
   (Trog gifted it to you in the Dungeon)

   It inflicts extra damage upon your enemies.
   Dex:       It affects your dexterity (-3).
   rPois:     It protects you from poison.
   SInv:      It lets you see invisible.
   Fragile:   It will be destroyed if unequipped.
 p - a +7 antimagic broad axe
 q - the +6 war axe of Geoti {vorpal, rC+ Dex+3 SInv}
   (Trog gifted it to you in the Dungeon)

   It inflicts extra damage upon your enemies.
   Dex:       It affects your dexterity (+3).
   rC:        It protects you from cold.
   SInv:      It lets you see invisible.
 F - a +4 great sword of holy wrath
Missiles
 u - 5 javelins (quivered)
 A - 3 throwing nets
Armour
 b - +0 storm dragon scales (worn)
 E - the +10 tower shield of Ignorance {rN+ Int-4}
   (You found it in the Dungeon)

   Int:       It affects your intelligence (-4).
   rN:        It protects you from negative energy.
 G - a +1 cloak (worn)
 H - the +3 pair of gauntlets of War (worn) {Slay+5}
   (You found it in the Dungeon)

   Slay:      It affects your accuracy & damage with ranged weapons and melee
   (+5).
Jewellery
 l - a +3 ring of evasion (right hand)
 t - a ring of ice
 x - a ring of willpower (left hand)
 y - an amulet of reflection (around neck)
 B - a ring of protection from fire
 C - a ring of resist corrosion
 D - the ring "Idule" {Ice Dex+3}
   (You took it off a merfolk impaler in the Dungeon)

   [ring of ice]

   It enhances your ice magic.
   Dex:       It affects your dexterity (+3).
   rF:        It makes you vulnerable to fire.
   rC:        It protects you from cold.
Wands
 r - a wand of iceblast (5)
Scrolls
 h - 3 scrolls of blinking
 j - a scroll of summoning
 s - 5 scrolls of identify
 v - 2 scrolls of enchant armour
 w - 2 scrolls of fog
Potions
 c - 7 potions of curing
 d - 5 potions of heal wounds
 e - 3 potions of haste
 f - 4 potions of magic
 g - 3 potions of berserk rage
 i - a potion of invisibility
 m - a potion of might
 n - 4 potions of mutation
 z - a potion of resistance
Miscellaneous
 k - a lightning rod (4/4)


   Skills:
 + Level 24.0 Fighting
 O Level 27 Axes
 + Level 20.8 Armour
 + Level 9.0 Dodging
 + Level 10.2 Stealth
 + Level 8.0 Shields
 + Level 4.8 Evocations


You had 12 spell levels left.
You didn't know any spells.
Your spell library was empty.

Dungeon Overview and Level Annotations

Branches:
Dungeon (1/1)

Altars:
Cheibriados
Dithmenos
Elyvilon
Fedhas
Gozag
Hepliaklqana
Makhleb
Nemelex Xobeh
Okawaru
Qazlal
Ru
Sif Muna
Trog
Wu Jian
Xom
Yredelemnul
Zin
The Shining One
Jiyva


Innate Abilities, Weirdness & Mutations

You have a pair of horns on your head.
You reflexively headbutt those who attack you in melee.
You tend to lose your temper in combat.


Message History

a +0 great sword; a +0 plate armour You open the door.
An orb of fire comes into view.
Unknown command.
A red film seems to cover your vision as you go berserk!
You feel yourself moving faster!
You feel mighty!
You cut the orb of fire into ribbons!!!
The orb of fire is moderately damaged.
You miss the orb of fire.
The orb of fire is moderately damaged.
The orb of fire glows yellow.
The bolt of fire hits you!!!
You closely miss the orb of fire.
The orb of fire is moderately damaged.
The orb of fire glows yellow.
Strange energies course through your body.
You feel a little pissed off.
You slice the orb of fire!! You headbutt the orb of fire.
The orb of fire is heavily damaged.
You miss the orb of fire. Your headbutt misses the orb of fire.
The orb of fire is heavily damaged.
The orb of fire glows deep purple.
The fireball explodes!
The fireball engulfs you!!!
The fireball engulfs the orb of fire.
The orb of fire completely resists.
You completely miss the orb of fire. You headbutt the orb of fire.
The orb of fire is heavily damaged.
You slash the orb of fire! Your headbutt misses the orb of fire.
The orb of fire is heavily damaged.
You closely miss the orb of fire. Your headbutt misses the orb of fire.
The orb of fire is heavily damaged.
The orb of fire glows deep purple.
The fireball explodes!
The fireball engulfs you!!!!
* * * LOW HITPOINT WARNING * * *
The fireball engulfs the orb of fire.
The orb of fire completely resists.
You slice the orb of fire!!
You headbutt the orb of fire, but do no damage.
The orb of fire is severely damaged.
The orb of fire glows bright magenta.
The fireball explodes!
The fireball engulfs you!!!!
You die...

#+# #.# #*# #@#
#)# #.# #'# #.#
#'# #.# #'#
################'#


You could see an orb of fire.

Vanquished Creatures
  A royal mummy (D)
  A bone dragon (D)
  Frances (D)
  An Executioner (D)
  Louise (D)
  2 orc warlords (D)
  A vampire knight (D)
  A hydra (D)
  A hell beast (D)
  2 vault guards (D)
  A death knight (D)
  An alligator snapping turtle (D)
  A two-headed ogre (D)
  5 death yaks (D)
  3 naga warriors (D)
  A naga sharpshooter (D)
  An orc high priest (D)
  A shadow wraith (D)
  3 flayed ghosts (D)
  2 deep trolls (D)
  8 orc knights (D)
  A lindwurm (D)
  A phantasmal warrior (D)
  2 deep elf pyromancers (D)
  A bog body (D)
  2 deep elf zephyrmancers (D)
  A wolf spider (D)
  An ugly thing (D)
  2 cyclopes (D)
  A smoke demon (D)
  A gargoyle (D)
  A molten gargoyle (D)
  A cane toad (D)
  A naga mage (D)
  A yaktaur (D)
  A freezing wraith (D)
  An ice devil (D)
  A hellwing (D)
  A merfolk (D)
  A tyrant leech (D)
  A snapping turtle (D)
  2 jumping spiders (D)
  A water elemental (D)
  3 spriggans (D)
  2 air elementals (D)
  A ynoxinul (D)
  A shadow (D)
  A large abomination (D)
  A small abomination (D)
  A basilisk (D)
  A neqoxec (D)
  4 vampire mosquitoes (D)
  Menkaure (D)
  2 steam dragons (D)
  Duvessa (D)
  2 floating eyes (D)
  5 nagas (D)
  2 hell hounds (D)
  2 swamp drakes (D)
  An orc warrior (D)
  2 wolves (D)
  A centaur (D)
  A bullfrog (D)
  2 necrophages (D)
  Dowan (D)
  2 hounds (D)
  2 orc priests (D)
  2 iguanas (D)
  Terence (D)
  5 orc wizards (D)
  A mummy (D)
  A gnoll (D)
  A river rat (D)
  2 adders (D)
  2 ufetubi (D)
  2 worms (D)
  2 adder simulacra (D)
  12 orcs (D)
  A bat (D)
  A bat skeleton (D)
  A bat zombie (D)
  A goblin (D)
  7 jackals (D)
  2 kobolds (D)
  A ball python (D)
  A frilled lizard (D)
  A quokka skeleton (D)
  A rat (D)
155 creatures vanquished.

Vanquished Creatures (collateral kills)
  A storm dragon (D)
  A nagaraja (D)
  A merfolk impaler (D)
  A vault guard (D)
  6 orc knights (D)
  A merfolk (D)
  2 hell hounds (D)
  A wolf (D)
  A river rat (D)
15 creatures vanquished.

Vanquished Creatures (others)
  A stone giant (D)
  An unseen horror (shapeshifter) (D)
2 creatures vanquished.

Grand Total: 172 creatures vanquished

Notes
Turn   | Place    | Note
-------+----------+-------------------------------------------
     0 | D        | mhtbhm the Minotaur Berserker began the quest for the Orb.
     0 | D        | Reached XP level 1. HP: 19/19 MP: 0/0
    20 | D        | Found a bloodstained altar of Trog.
    20 | D        | Found a shimmering blue altar of Sif Muna.
    20 | D        | Found a viscous altar of Jiyva.
    20 | D        | Found a hazy altar of Hepliaklqana.
    20 | D        | Found an opulent altar of Gozag.
    51 | D        | Noticed a floating eye
    55 | D        | Reached skill level 4 in Axes
    59 | D        | Killed a floating eye
    59 | D        | Reached ** piety under Trog
    60 | D        | Reached skill level 8 in Axes
    60 | D        | Reached XP level 2. HP: 34/34 MP: 1/1
    60 | D        | Reached XP level 3. HP: 39/39 MP: 2/2
    60 | D        | Reached XP level 4. HP: 47/47 MP: 3/3
   109 | D        | Noticed a necrophage
   109 | D        | Noticed a floating eye
   112 | D        | Killed a floating eye
   113 | D        | Reached skill level 9 in Axes
   113 | D        | Reached XP level 5. HP: 57/57 MP: 4/4
   113 | D        | Reached *** piety under Trog
   119 | D        | Reached skill level 10 in Fighting
   119 | D        | Reached skill level 10 in Axes
   119 | D        | Reached skill level 5 in Armour
   119 | D        | Reached skill level 5 in Dodging
   119 | D        | Reached XP level 6. HP: 64/66 MP: 5/5
   170 | D        | Found a glowing golden altar of the Shining One.
   170 | D        | Found a glowing silver altar of Zin.
   170 | D        | Found a basalt altar of Yredelemnul.
   170 | D        | Found a shimmering altar of Xom.
   170 | D        | Found an ornate altar of the Wu Jian Council.
   170 | D        | Found a sacrificial altar of Ru.
   170 | D        | Found a stormy altar of Qazlal.
   170 | D        | Found an iron altar of Okawaru.
   170 | D        | Found a sparkling altar of Nemelex Xobeh.
   170 | D        | Found a burning altar of Makhleb.
   170 | D        | Found a blossoming altar of Fedhas.
   170 | D        | Found a white marble altar of Elyvilon.
   170 | D        | Found a shadowy altar of Dithmenos.
   170 | D        | Found a snail-covered altar of Cheibriados.
   203 | D        | Reached **** piety under Trog
   211 | D        | Noticed Menkaure
   218 | D        | Reached skill level 11 in Axes
   224 | D        | Killed Menkaure
   224 | D        | Reached ***** piety under Trog
   225 | D        | Reached skill level 12 in Axes
   229 | D        | Reached XP level 7. HP: 15/75 MP: 6/6
   521 | D        | Noticed a freezing wraith
   528 | D        | Killed a freezing wraith
   529 | D        | Reached skill level 13 in Axes
   710 | D        | Noticed Duvessa
   710 | D        | Noticed Dowan
   710 | D        | Noticed Terence
   715 | D        | Killed Dowan
   716 | D        | Reached skill level 14 in Axes
   721 | D        | Killed Terence
   729 | D        | Killed Duvessa
   730 | D        | Reached XP level 8. HP: 65/85 MP: 7/7
   923 | D        | Noticed a phantasmal warrior
   932 | D        | Killed a phantasmal warrior
   932 | D        | Received a gift from Trog
   933 | D        | Reached skill level 15 in Axes
   933 | D        | Reached ****** piety under Trog
  1103 | D        | Noticed a snapping turtle
  1114 | D        | Killed a snapping turtle
  1114 | D        | Received a gift from Trog
  1115 | D        | Reached skill level 10 in Armour
  1236 | D        | Noticed a six-headed hydra
  1236 | D        | Noticed a jumping spider
  1243 | D        | Killed an eight-headed hydra
  1244 | D        | Reached skill level 16 in Axes
  1244 | D        | Reached XP level 9. HP: 96/96 MP: 8/8
  1257 | D        | Reached skill level 17 in Axes
  1264 | D        | Noticed a hellwing
  1277 | D        | Killed a hellwing
  1485 | D        | Noticed a death yak
  1487 | D        | Noticed a death yak
  1487 | D        | Noticed a death yak
  1488 | D        | Noticed a death yak
  1489 | D        | Noticed a death yak
  1494 | D        | Killed a death yak
  1494 | D        | Received a gift from Trog
  1494 | D        | Killed a death yak
  1495 | D        | Reached skill level 15 in Fighting
  1495 | D        | Reached XP level 10. HP: 105/105 MP: 9/9
  1495 | D        | Killed a death yak
  1496 | D        | Reached skill level 18 in Axes
  1498 | D        | Killed a death yak
  1499 | D        | Reached skill level 15 in Armour
  1500 | D        | Killed a death yak
  1501 | D        | Reached skill level 19 in Axes
  1659 | D        | Paralysed by an air elemental for 1 turns
  1660 | D        | Noticed a cane toad
  1667 | D        | Killed a cane toad
  1856 | D        | Noticed a two-headed ogre
  1859 | D        | Killed a two-headed ogre
  1860 | D        | Reached skill level 1 in Stealth
  1860 | D        | Received a gift from Trog
  1942 | D        | Noticed a cyclops
  1962 | D        | Killed a cyclops
  1963 | D        | Reached skill level 20 in Axes
  2032 | D        | Noticed a flayed ghost
  2035 | D        | Reached XP level 11. HP: 116/116 MP: 10/10
  2047 | D        | Killed a flayed ghost
  2226 | D        | Noticed a flayed ghost
  2226 | D        | Noticed a deep troll
  2231 | D        | Killed a deep troll
  2231 | D        | Received a gift from Trog
  2238 | D        | Noticed an orc high priest
  2241 | D        | Killed a flayed ghost
  2241 | D        | Identified the +5 war axe of Youthful Indiscretion {vorpal,
                  | Fragile rPois Dex-3 SInv} (Trog gifted it to you in the
                  | Dungeon)
  2241 | D        | Received a gift from Trog
  2242 | D        | Reached skill level 21 in Axes
  2246 | D        | Killed an orc high priest
  2253 | D        | Identified the +3 battleaxe of Liberalism {antimagic, rF+
                  | rN+} (Trog gifted it to you in the Dungeon)
  2253 | D        | Received a gift from Trog
  2493 | D        | Noticed a hell beast
  2493 | D        | Noticed a naga sharpshooter
  2494 | D        | Noticed a flayed ghost
  2499 | D        | Killed a hell beast
  2503 | D        | Received a gift from Trog
  2504 | D        | Reached skill level 22 in Axes
  2508 | D        | Killed a flayed ghost
  2513 | D        | Killed a naga sharpshooter
  2807 | D        | Noticed a lindwurm
  2816 | D        | Killed a lindwurm
  2863 | D        | Reached skill level 23 in Axes
  2867 | D        | Received a gift from Trog
  2913 | D        | Noticed a nagaraja
  2913 | D        | Noticed a deep elf zephyrmancer
  2921 | D        | Identified the +6 war axe of Geoti {vorpal, rC+ Dex+3 SInv}
                  | (Trog gifted it to you in the Dungeon)
  2921 | D        | Received a gift from Trog
  2929 | D        | Killed a deep elf zephyrmancer
  2934 | D        | Received a gift from Trog
  2940 | D        | Killed a nagaraja
  2941 | D        | Reached skill level 24 in Axes
  2941 | D        | Reached XP level 12. HP: 31/129 MP: 11/11
  3327 | D        | Noticed Frances
  3327 | D        | Noticed a bone dragon
  3342 | D        | Killed a bone dragon
  3345 | D        | Killed Frances
  3345 | D        | Received a gift from Trog
  3349 | D        | Reached skill level 25 in Axes
  3352 | D        | Reached skill level 1 in Shields
  3719 | D        | Received a gift from Trog
  3720 | D        | Noticed Louise
  3723 | D        | Identified the ring "Idule" {Ice Dex+3}
  3723 | D        | Noticed a merfolk impaler
  3725 | D        | Killed Louise
  3726 | D        | Reached skill level 1 in Evocations
  3739 | D        | Killed a merfolk impaler
  3747 | D        | Received a gift from Trog
  3749 | D        | Noticed an alligator snapping turtle
  3757 | D        | Killed an alligator snapping turtle
  3757 | D        | Noticed a storm dragon
  3762 | D        | Killed a storm dragon
  3763 | D        | Reached skill level 26 in Axes
  3767 | D        | Noticed a naga warrior
  3786 | D        | Killed a naga warrior
  3787 | D        | Reached XP level 13. HP: 66/143 MP: 12/12
  3788 | D        | Identified the +2 robe "Agheh" {Will++ Stlth+}
  3805 | D        | Noticed a vampire knight
  3813 | D        | Killed a vampire knight
  3813 | D        | Identified the +8 glaive of Wuerhikkau {vorpal, rElec
                  | rCorr} (Trog gifted it to you in the Dungeon)
  3813 | D        | Received a gift from Trog
  3814 | D        | Reached skill level 5 in Shields
  3944 | D        | Identified the +1 falchion of Joyful Slaughter {protect,
                  | Str+2}
  3944 | D        | Identified the +0 robe of Qutujic {*Corrode rPois Int-3
                  | SInv}
  4289 | D        | Noticed an orc warlord
  4291 | D        | Noticed an orc warlord
  4292 | D        | Received a gift from Trog
  4303 | D        | Killed an orc warlord
  4306 | D        | Noticed a stone giant
  4313 | D        | Killed an orc warlord
  4321 | D        | Received a gift from Trog
  4322 | D        | Reached skill level 27 in Axes
  4322 | D        | Reached skill level 5 in Stealth
  4322 | D        | Killed a stone giant
  4328 | D        | Identified the +10 glaive of Shrieking Terror {flame, rPois
                  | Will+ MP-9} (Trog gifted it to you in the Dungeon)
  4328 | D        | Received a gift from Trog
  4669 | D        | Found the +10 tower shield of Ignorance {rN+ Int-4}
  4735 | D        | Found the +3 pair of gauntlets of War {Slay+5}
  4792 | D        | Got the +6 scale mail of the Teacher {Fly rElec Dex-5
                  | Slay+5}
  4984 | D        | Noticed a royal mummy
  4990 | D        | Killed a royal mummy
  5045 | D        | Noticed an Executioner
  5046 | D        | Killed an Executioner
  5051 | D        | Reached skill level 10 in Stealth
  5053 | D        | Noticed an orb of fire
  5057 | D        | Gained mutation: You tend to lose your temper in combat.
                  | [an orb of fire]
  5063 | D        | Killed from afar by an orb of fire

Illustrated notes

Levels and vault maps discovered:
D:        pitsprint [storerooms_1, entrance_room_1, metal_vault_1, armoury_1,
          mini_pit_1, grid_room_1, main_hall_1, silver_pit, the_coven_1,
          the_vestibule_1, steel_vault_1, golden_pit, hallway_of_sentries,
          crystal_vault_6, iron_vault_4, final_vault]

Skill      XL: |  1  2  3  4  5  6  7  8  9 10 11 12 13 |
---------------+----------------------------------------+-----
Fighting       | 7 9 10 11 12 14 15 16 18 21 24 | 24.0
Axes           | 8 9 10 12 14 16 17 20 24 26 27 | 27.0
Armour         | 4 5 6 7 11 14 16 18 20 | 20.8
Dodging        | 3 4 5 6 7 8 9 |  9.0
Stealth        | 1 2 3 10 | 10.2
Shields        | 4 8 |  8.0
Evocations     | 3 4 |  4.8

Action                   |  1- 3 |  4- 6 |  7- 9 | 10-12 | 13-15 || total
-------------------------+-------+-------+-------+-------+-------++-------
Melee: Hand axe          |     6 |    35 |    43 |       |       ||    84
       Headbutt          |     2 |    11 |    17 |    35 |    18 ||    83
       Punch             |       |     1 |       |       |       ||     1
       Executioner's axe |       |       |    28 |   175 |    82 ||   285
Invok: Berserk           |       |       |     6 |     4 |     3 ||    13
       Brothers in Arms  |       |       |       |     3 |     3 ||     6
       Trog's Hand       |       |       |       |     1 |       ||     1
Evoke: Lightning rod     |       |       |       |    10 |       ||    10
       Wand              |       |       |       |     2 |       ||     2
  Use: Potion            |       |       |     2 |     9 |     3 ||    14
 Stab: Invisible         |       |       |       |       |    14 ||    14
       Distracted        |       |       |       |       |     1 ||     1
Armor: Animal skin       |       |     4 |       |       |       ||     4
       Chain mail        |       |    14 |    30 |    72 |     4 ||   120
       Storm dragon scal |       |       |       |       |     8 ||     8
Dodge: Dodged            |     4 |    11 |    33 |   106 |    33 ||   187
Block: Other             |       |       |       |    19 |     9 ||    28
       Reflection        |       |       |       |       |     1 ||     1

Table legend: (Time is in decaauts)
 A = Elapsed time spent in this place.
 B = Non-inter-level travel time spent in this place.
 C = Inter-level travel time spent in this place.
 D = Time resting spent in this place.
 E = Time spent auto-exploring this place.
 F = Levels seen in this place.
 G = Mean time per level.
                   A        B        C        D        E       F      G
               +--------+--------+--------+--------+--------+-----+--------+
         Total |   5072 |   5072 |      0 |   3416 |     18 |   1 | 5072.0 |
       Dungeon |   5072 |   5072 |      0 |   3416 |     18 |   1 | 5072.0 |
               +--------+--------+--------+--------+--------+-----+--------+

Top non-repeatable levels by time:
       D: 5072 daAuts
